 Dungeon Crawl Stone Soup version 0.29-a0-218-gf2abdc9806 (webtiles) character file.

Game seed: 13955466541469362303

10 P0WERM0DE the Chopper (level 2, -5/27 HPs)
             Began as a Deep Dwarf Chaos Knight on Feb 25, 2022.
             Was a Plaything of Xom.
             Slain by Sigmund the snapping turtle (glowing shapeshifter) (20 damage)
             ... on level 2 of the Dungeon.
             The game lasted 00:00:36 (115 turns).

P0WERM0DE the Chopper (Deep Dwarf Chaos Knight)      Turns: 115, Time: 00:00:37

Health: -5/27      AC:  7    Str: 15    XL:     2   Next: 10%
Magic:  2/2        EV: 11    Int: 12    God:    Xom [..*...]
Gold:   16         SH:  0    Dex: 12    Spells: 1/1 levels left

rFire   + . .      SeeInvis .   a - +0 hand axe (chaos)
rCold   + . .      Faith    .   (no shield)
rNeg    . . .      Spirit   .   b - +2 leather armour
rPois   +          Reflect  .   (no helmet)
rElec   +          Harm     .   (no cloak)
rCorr   +          Rampage  .   (no gloves)
Will    .....      Rnd*Tele +   (no boots)
Stlth   +.........              (no amulet)
HPRegen 0.00/turn               (no ring)
MPRegen 0.08/turn               (no ring)

@: resistant
A: damage resistance, heal wounds, sense surroundings 1, no regeneration,
iridescent scales 1, teleportitis 1
a: Heal Wounds, Renounce Religion


You were on level 2 of the Dungeon.
You worshipped Xom.
You were a toy of Xom.
You visited 1 branch of the dungeon, and saw 2 of its levels.

You collected 16 gold pieces.

Inventory:

Hand Weapons
 a - a +0 hand axe of chaos (weapon)
Armour
 b - a +2 leather armour (worn)
Scrolls
 c - a scroll of enchant armour {unknown}


   Skills:
 * Level 2.8 Fighting
 * Level 3.4 Axes
 * Level 2.4 Armour
 - Level 1.1 Dodging
 * Level 0.4 Spellcasting


You had one spell level left.
You didn't know any spells.
Your spell library was empty.

Dungeon Overview and Level Annotations

Branches:
Dungeon (2/15)

Altars:

Annotations:
D:2 Sigmund


Innate Abilities, Weirdness & Mutations

You are resistant to damage.
You can heal yourself by infusing magical energy.
You passively map a small area around you.
You do not regenerate.
You are partially covered in iridescent scales. (AC +2)
You are occasionally teleported next to monsters.


Message History

You hit the quokka.
You kill the quokka!
You see here a quokka corpse.
You now have 16 gold pieces (gained 8).
e - a coppery potion Sigmund the Dreaded comes into view.
He is wielding a +0 scythe.
Sigmund shouts!
Sigmund gestures at you while chanting.
You are confused.
You bump into the rock wall.
Sigmund hits you from afar with a +0 scythe.
It was a potion of mutation.
You feel extremely strange.
Iridescent scales grow over part of your body.
You feel weirdly uncertain.
Xom roars with laughter!
It was a potion of resistance.
You feel protected. Xom grants you a minor favour.
You feel much better. Sigmund barely misses you.
You are too confused!
You bump into the rock wall.
Sigmund closely misses you.
You bump into the rock wall.
You bump into the rock wall.
Sigmund barely misses you.
You feel less confused.
Sigmund screams, "Die, monster!"
Sigmund hits you with a +0 scythe!
You barely miss Sigmund. You hit Sigmund but do no damage.
Sigmund changes into a glowing shapeshifter!
Sigmund the glowing shapeshifter changes into a two-headed ogre!
You hit Sigmund.
Sigmund is poisoned.
Sigmund is lightly wounded.
Sigmund hits you. x2
You barely miss Sigmund.
Sigmund is lightly wounded.
Sigmund the two-headed ogre changes into a snapping turtle!
Sigmund bites you from afar!!
Ouch! That really hurt!
You die...
Xom bursts into laughter!

* ..
##......... *
* ###.#####
#..........
.......#
#.....†.... *
......#
#.....<†...
.....
#..........
... *
#.......... *
#t#*
###.........
, #.###
##........#..
* #.@.#
#..######.###
###.###.##
..# #.......#
### #.##..###
* #. ##.# * *
* * . #..,**
* * , .. ###.
* ## * *## *
,


You could see Sigmund the snapping turtle shaped shifter.

Vanquished Creatures
  An endoplasm (D:2)
  A hobgoblin (D:2)
  4 jackals (D:1)
  A quokka (D:2)
  A frilled lizard (D:1)
8 creatures vanquished.

Notes
Turn   | Place    | Note
-------+----------+-------------------------------------------
     0 | D:1      | P0WERM0DE the Deep Dwarf Chaos Knight began the quest for
                  | the Orb.
     0 | D:1      | Reached XP level 1. HP: 20/20 MP: 1/1
    79 | D:2      | Reached XP level 2. HP: 24/27 MP: 2/2
   101 | D:2      | Noticed Sigmund
   104 | D:2      | Gained mutation: You are partially covered in iridescent
                  | scales. (AC +2) [potion of mutation]
   104 | D:2      | Gained mutation: You are occasionally teleported next to
                  | monsters. [potion of mutation]
   105 | D:2      | XOM: potion effect (heal wounds)
   112 | D:2      | Noticed Sigmund
   112 | D:2      | Sigmund changed into Sigmund the glowing shapeshifter
   112 | D:2      | Noticed Sigmund
   112 | D:2      | Sigmund the glowing shapeshifter changed into Sigmund the
                  | two-headed ogre
   114 | D:2      | Noticed Sigmund
   114 | D:2      | Sigmund the two-headed ogre changed into Sigmund the
                  | snapping turtle
   115 | D:2      | Slain by Sigmund the snapping turtle (glowing shapeshifter)

Illustrated notes

Levels and vault maps discovered:
D:1:      dpeg_arrival_leaves_temple_mockup, layout_basic,
          shapermc_ecumenical_altar_pompeii
D:2:      layout_rooms, uniq_sigmund

Action                   || total
-------------------------++-------
Melee: Hand axe          ||    25
       Punch             ||     1
  Use: Potion            ||     2
 Stab: Paralysed         ||     2
Armor: Leather armour    ||     7
Dodge: Dodged            ||    16

Table legend: (Time is in decaauts)
 A = Elapsed time spent in this place.
 B = Non-inter-level travel time spent in this place.
 C = Inter-level travel time spent in this place.
 D = Time resting spent in this place.
 E = Time spent auto-exploring this place.
 F = Levels seen in this place.
 G = Mean time per level.
                   A        B        C        D        E       F      G
               +--------+--------+--------+--------+--------+-----+--------+
         Total |    118 |    118 |      0 |      0 |      0 |   2 |   59.0 |
       Dungeon |    118 |    118 |      0 |      0 |      0 |   2 |   59.0 |
               +--------+--------+--------+--------+--------+-----+--------+

Top non-repeatable levels by time:
     D:1: 74 daAuts
     D:2: 43 daAuts
